AoeStats
← Your Mom

Black Forest

507029956Analyzed
2v2 RM · 17d ago on Sep 16, 2026· 53m 54s· 4 players
Game mode
Random Map
Map size
Medium (4 player)
Population
200
Speed
Normal
Resources
Standard
Victory
Conquest
Starting age
Dark Age
Ending age
Imperial Age
RankedLock teamsTeams togetherTeam positionsShared explorationLock speedFull tech treeHidden civsTurbo modeCheats
Victory
Defeat
🇦🇺 Burgundians · Australia
885
+15
🇨🇳 Franks · China
829
+17
🇬🇦 Celts · Gabon
874
-17
🇩🇪 Khmer · Germany
833
-15
EclairMangue536
0:28 Loom
13:33 Feudal Age
19:20 Castle Age
18:28 Stone Mining
18:31 Double-Bit Axe
18:39 Horse Collar
22:38 Heavy Plow
23:24 Gold Mining
27:14 Bow Saw
28:36 Wheelbarrow
27:46 Town Watch
30:03 Murder Holes
35:50 Imperial Age
34:09 Pikeman
36:05 Gold Shaft Mining
36:10 Scale Mail Armor
36:21 Forging
36:50 Hand Cart
36:40 Halberdier
38:05 Gambesons
38:44 Caravan
39:57 Conscription
44:49 Iron Casting
45:04 Cavalier
46:04 Husbandry
49:43 Scale Barding Armor
50:40 Blast Furnace
Your Mom
0:27 Loom
9:48 Feudal Age
12:13 Double-Bit Axe
17:23 Horse Collar
19:13 Wheelbarrow
19:26 Gold Mining
22:56 Castle Age
24:24 Bow Saw
24:49 Stone Mining
25:37 Gold Shaft Mining
26:16 Stone Shaft Mining
25:27 Pikeman
27:54 Forging
27:45 Scale Mail Armor
28:12 Heavy Plow
34:42 Imperial Age
33:07 Chain Mail Armor
36:50 Conscription
36:33 Halberdier
38:04 Iron Casting
40:06 Hand Cart
43:44 Bloodlines
43:35 Husbandry
42:56 Elite Battle Elephant
43:56 Fortified Wall
46:00 Tusk Swords
47:59 Heavy Scorpion
53:23 Ballistics
53:11 Siege Engineers
彬彬有礼
0:33 Loom
13:17 Feudal Age
17:21 Castle Age
16:21 Double-Bit Axe
17:14 Wheelbarrow
18:28 Bow Saw
31:32 Imperial Age
30:00 Hand Cart
31:04 Husbandry
31:17 Forging
31:13 Scale Barding Armor
33:18 Chemistry
32:38 Ballistics
31:45 Cavalier
35:03 Conscription
35:13 Gold Mining
35:14 Stone Mining
36:43 Iron Casting
36:29 Chain Barding Armor
35:35 Paladin
36:29 Siege Engineers
36:35 Masonry
38:05 #83
39:41 Gold Shaft Mining
39:48 Chivalry
41:11 Elite Throwing Axeman
43:19 Architecture
43:59 Blast Furnace
43:35 Plate Barding Armor
48:25 Squires
48:12 Arson
48:15 Gambesons
47:52 Pikeman
48:28 Halberdier
sebastienbohan95
9:29 Loom
11:51 Horse Collar
12:49 Wheelbarrow
14:26 Feudal Age
14:26 Double-Bit Axe
17:00 Bow Saw
19:40 Castle Age
19:29 Scale Barding Armor
20:04 Forging
19:47 Cavalier
20:30 Husbandry
21:45 Chain Barding Armor
26:48 Iron Casting
34:33 Gold Mining
41:41 Imperial Age
40:45 Two-Man Saw
43:28 Chemistry
41:55 Paladin
43:24 Burgundian Vineyards
44:25 Plate Barding Armor
44:59 Padded Archer Armor
Connection lost

Rejoining the realm…

Still unreachable

The connection could not be restored.

Session expired

The server has moved on; the page needs a fresh start.